 Dungeon Crawl Stone Soup version 0.27-a0-1548-gf8a67e7463 (webtiles) character file.

Game seed: 10439303058171602001

34 nyamberluvr69 the Caller (level 3, -1/21 HPs)
             Began as an Octopode Summoner on July 13, 2021.
             Slain by an orc wizard (3 damage)
             ... on level 3 of the Dungeon.
             The game lasted 00:11:17 (2684 turns).

nyamberluvr69 the Caller (Octopode Summoner)        Turns: 2684, Time: 00:11:18

Health: -1/21      AC:  1    Str:  7    XL:     3   Next: 31%
Magic:  7/7        EV: 13    Int: 18    God:
Gold:   41         SH:  0    Dex: 12    Spells: 4/7 levels left

rFire    . . .     SeeInvis .   g - +0 short sword
rCold    . . .     Faith    .   (no shield)
rNeg     . . .     Spirit   .   (helmet restricted)
rPois    .         Reflect  .   (no amulet)
rElec    .         Harm     .   (no ring)
rCorr    .         Rampage  .   (no ring)
Will     .....                  (no ring)
Stlth    ++........             (no ring)
HPRegen  0.07/turn              (no ring)
MPRegen  0.10/turn              (no ring)
                                (no ring)
                                (no ring)

@: confused
A: almost no armour, amphibious, 8 rings, camouflage 1, gelatinous body 1,
(nimble swimmer 1), tentacles
a: no special abilities


You were on level 3 of the Dungeon.
You visited 1 branch of the dungeon, and saw 3 of its levels.

You collected 77 gold pieces.
You spent 36 gold pieces at shops.

Inventory:

Hand Weapons
 g - a +0 short sword (weapon)
Jewellery
 f - a ring of flight
Scrolls
 a - a scroll of immolation
 c - a scroll of amnesia {unknown}
 e - 2 scrolls of teleportation {unknown}
Potions
 b - a potion of haste {unknown}
 d - a potion of curing
 h - a potion of magic {unknown}
 i - a potion of mutation {unknown}


   Skills:
 - Level 2.0 Dodging
 - Level 2.6 Stealth
 + Level 2.7 Spellcasting
 + Level 4.5 Summonings


You had 4 spell levels left.
You knew the following spells:

 Your Spells              Type           Power      Damage    Failure   Level
a - Summon Small Mammal   Summ           72%        N/A       2%          1
b - Call Imp              Summ           18%        N/A       3%          2

Your spell library contained the following spells:

 Spells                   Type           Power      Damage    Failure   Level
 Call Canine Familiar     Summ           18%        N/A       8%          3
 Summon Guardian Golem    Hex/Summ       10%        N/A       21%         3
 Summon Lightning Spire   Summ/Air       10%        N/A       54%         4
 Orb of Destruction       Conj           1%         N/A       100%        7
 Spellforged Servitor     Conj/Summ      5%         N/A       100%        7


Dungeon Overview and Level Annotations

Branches:
Dungeon (3/15)

Altars:
Dithmenos
Trog

Shops:
D:3 !


Innate Abilities, Weirdness & Mutations

You cannot wear most types of armour.
You are amphibious.
You can wear up to eight rings at the same time.
Your skin changes colour to match your surroundings (Stealth+).
Your rubbery body absorbs attacks. (AC +1, EV +1)
((You are camouflaged near water. (Stealth+)))
You have tentacles for arms and can constrict up to eight enemies at once.


Message History

The orc wizard is lightly wounded.
You constrict the orc wizard, but do no damage.
The orc wizard points at you and mumbles some strange words.
You are confused.
You bump into the rock wall.
You constrict the orc wizard.
The orc wizard mumbles some strange words.
The orc wizard flickers and vanishes!
Deactivating autopickup; reactivate with Ctrl-A.
You're too confused to cast spells.
Unknown command.
You feel better.
You constrict something. Something hits you.
You release your grip on something.
There is a stone staircase leading down here.
You hit something.
You hear some strange, mumbled words.
A puff of flame appears from out of thin air!
The puff of flame hits you.
You barely miss something. Something hits you. What are your orders? t - Shout!
Orders for allies: a - Attack new target. r - Retreat! s - Stop attacking. g - Guard the area. f - Follow me.
Anything else - Cancel.
Gang up on whom?
Press: ? - help, Dir - move target There's nothing there!
You hit something.
Your white imp seems less confused.
You hear some strange, mumbled words.
You are confused.
Your white imp misses something.
Something hits you.
You miss something.
Your white imp barely misses something.
Something hits you.
* * * LOW HITPOINT WARNING * * *
You hit something but do no damage.
Your white imp disappears in a puff of smoke!
Something hits you.
* * * LOW HITPOINT WARNING * * *
Something hits you.
You die...

#...# ##.##
#.# ######
###.###
........##
#.....# ...
.....
#.#.#.##.###
##.##
#.#.)......#
#.#.#.##.#.#
# #@{ยง..#
.# #.##
###.### .#
..... #.# .#
##.## #.# .#
# #.# .# #.#
.# #.# .#


There were no monsters in sight!

Vanquished Creatures
  2 orcs (D:3)
  A bat (D:1)
  An endoplasm (D:2)
  A giant cockroach (D:3)
  A goblin (D:2)
  A hobgoblin (D:3)
  2 jackals (D:1)
  A quokka (D:2)
10 creatures vanquished.

Vanquished Creatures (collateral kills)
  A ball python (D:1)
  6 bats
  5 endoplasms
  3 giant cockroaches
  3 goblins
  3 hobgoblins
  2 quokkas
  2 frilled lizards
  4 kobolds
  2 rats
31 creatures vanquished.

Grand Total: 41 creatures vanquished

Notes
Turn   | Place    | Note
-------+----------+-------------------------------------------
     0 | D:1      | nyamberluvr69 the Octopode Summoner began the quest for the
                  | Orb.
     0 | D:1      | Reached XP level 1. HP: 11/11 MP: 3/3
   142 | D:1      | Found a faded altar of an unknown god.
   444 | D:1      | Reached XP level 2. HP: 17/17 MP: 5/5
   548 | D:1      | Learned a level 2 spell: Call Imp
  1177 | D:2      | Found a shadowy altar of Dithmenos.
  2243 | D:3      | Found a bloodstained altar of Trog.
  2261 | D:3      | Reached XP level 3. HP: 18/21 MP: 1/6
  2390 | D:3      | Found Cunke's Distillery.
  2398 | D:3      | Bought a potion of curing for 36 gold pieces
  2684 | D:3      | Slain by an orc wizard

Illustrated notes

Levels and vault maps discovered:
D:1:      dpeg_arrival_prison, layout_basic, hellmonk_ecumenical_altar_blasted,
          serial_curves, eino_curves_02, eino_curves_01
D:2:      layout_basic, basic_altar
D:3:      layout_loops_ring, mainiacjoe_overflow_six_doors_small, serial_shops,
          shop, uniq_ijyb

Action                   || total
-------------------------++-------
Melee: Unarmed           ||    21
       Constrict         ||     9
       Tentacles         ||     4
       Short sword       ||    14
 Cast: Summon Small Mamm ||    12
       Call Imp          ||    27
  Use: Potion            ||     1
Armor: Skin              ||     9
Dodge: Dodged            ||    39

Table legend: (Time is in decaauts)
 A = Elapsed time spent in this place.
 B = Non-inter-level travel time spent in this place.
 C = Inter-level travel time spent in this place.
 D = Time resting spent in this place.
 E = Time spent auto-exploring this place.
 F = Levels seen in this place.
 G = Mean time per level.
                   A        B        C        D        E       F      G
               +--------+--------+--------+--------+--------+-----+--------+
         Total |   2684 |   2587 |     97 |    224 |   1783 |   3 |  894.7 |
       Dungeon |   2684 |   2587 |     97 |    224 |   1783 |   3 |  894.7 |
               +--------+--------+--------+--------+--------+-----+--------+

Top non-repeatable levels by time:
     D:2: 1224 daAuts
     D:1: 1009 daAuts
     D:3: 451 daAuts
